 Dungeon Crawl Stone Soup version 0.21.1-1-g345015f (webtiles) character file.

73 asishallab the Ruffian (level 4, -1/44 HPs)
             Began as a Troll Monk on May 20, 2018.
             Slain by a goblin
             ... wielding a +0 club
             ... led by Robin
              (7 damage)
             ... on level 2 of the Dungeon.
             The game lasted 00:03:25 (1171 turns).

asishallab the Ruffian (Troll Monk)                 Turns: 1171, Time: 00:03:26

Health: -1/44      AC:  5    Str: 19    XL:     4   Next: 8%
Magic:  3/3        EV: 16    Int:  6    God:
Gold:   87         SH:  0    Dex: 18    Spells: 3/3 levels left

rFire    . . .     SeeInvis .     - Unarmed
rCold    . . .     Gourm    +   (no shield)
rNeg     . . .     Faith    .   a - +0 robe
rPois    .         Spirit   .   (helmet restricted)
rElec    .         Reflect  .   (no cloak)
rCorr    .         Harm     .   (gloves unavailable)
MR       .....                  (boots unavailable)
Stlth    +++.......             (no amulet)
HPRegen  0.54/turn              (no ring)
MPRegen  0.08/turn              (no ring)

@: agile, drained
A: large, unfitting armour, claws 3, fast metabolism 3, gourmand, regeneration
1, shaggy fur 1, tough skin 2
a: no special abilities


You were on level 2 of the Dungeon.
You were completely stuffed.

You visited 1 branch of the dungeon, and saw 2 of its levels.

You collected 87 gold pieces.

Inventory:

Missiles
 c - 79 sling bullets
 d - 6 javelins (quivered)
Armour
 a - a +0 robe (worn)
Scrolls
 g - a scroll of noise {unknown}
 j - a scroll of identify {unknown}
Potions
 f - a potion of resistance {unknown}
 h - a potion of heal wounds {unknown}
 k - 2 potions of curing {unknown}
 l - a potion of berserk rage {unknown}
Comestibles
 b - 5 rations
 i - 8 chunks of flesh


   Skills:
 - Level 2.4(2.2) Fighting
 + Level 3.3(3.1) Dodging
 - Level 1.0(0.8) Stealth
 + Level 4.1(3.8) Unarmed Combat


You had 3 spell levels left.
You didn't know any spells.

Dungeon Overview and Level Annotations

Branches:
Dungeon (2/15)

Altars:

Annotations:
D:2 Robin


Innate Abilities, Weirdness & Mutations

You are too large for most types of armour.
You have claws for hands.
Your metabolism is lightning-fast.
You like to eat raw meat.
Your natural rate of healing is unusually fast.
You are covered in fur. (AC +1)
You have very tough skin. (AC +2)


Message History

You scratch the hobgoblin.
You kill the hobgoblin!
The goblin closely misses you. The goblin hits you but does no damage.
The goblin barely misses you. x2; Robin hits you but does no damage.
You feel drained.
You scratch the hobgoblin.
The hobgoblin is heavily wounded.
The goblin no longer looks unusually strong.
The goblin hits you but does no damage. The hobgoblin misses you.
The goblin closely misses you. The goblin barely misses you.
You closely miss the hobgoblin.
The hobgoblin is heavily wounded.
Robin misses you. The goblin hits you with a club.
* * * LOW HITPOINT WARNING * * *
The goblin misses you. The goblin hits you but does no damage.
The hobgoblin completely misses you. The goblin hits you but does no damage.
You claw the goblin!
You kill the goblin!
Robin closely misses you. The goblin hits you with a club!
You die...

#......##...##..#...#..#
#......'.....##.#.......
#......#......#.#.......
#......#........#.......
########.######.#.##....
#.#######..##....
#######.(....##..##....
.#....g#g.....##.###....
.'....g@†.....'.........
.#....g#g.....##.....###
#.....#......##......##
#.....#......##......#
#.....#........#.....#
#.....#####....#...###
#..... #....##..# #.....
#....'...# #...##)#####


You could see Robin, a hobgoblin and 3 goblins.

Vanquished Creatures
  2 oozes (D:2)
  A worm (D:2)
  A dart slug (D:2)
  A leopard gecko (D:2)
  A giant cockroach (D:1)
  9 goblins
  9 hobgoblins
  9 jackals
  A ball python (D:1)
  4 bats (D:1)
  A frilled lizard (D:1)
  6 kobolds
  7 rats
52 creatures vanquished.

Notes
Turn   | Place    | Note
-------+----------+-------------------------------------------
     0 | D:1      | asishallab the Troll Monk began the quest for the Orb.
     0 | D:1      | Reached XP level 1. HP: 22/22 MP: 0/0
   119 | D:1      | Reached XP level 2. HP: 25/29 MP: 1/1
   488 | D:1      | Reached XP level 3. HP: 36/36 MP: 2/2
  1108 | D:2      | Reached skill level 4 in Unarmed Combat
  1154 | D:2      | Noticed Robin
  1161 | D:2      | Reached XP level 4. HP: 30/44 MP: 3/3
  1171 | D:2      | Slain by a goblin

Skill      XL: |  1  2  3 |
---------------+----------+-----
Dodging        | 3 |  3.3
Unarmed Combat | 4 |  4.1
Fighting       | |  2.4
Stealth        | |  1.0

Action                   |  1- 3 |  4- 6 || total
-------------------------+-------+-------++-------
Melee: Unarmed           |   109 |     9 ||   118
       Punch             |     1 |       ||     1
Throw: Javelin           |     1 |       ||     1
  Use: Potion            |       |     1 ||     1
 Stab: Sleeping          |     4 |       ||     4
  Eat: Chunk             |    16 |       ||    16
Armor: Robe              |    42 |     5 ||    47
Dodge: Dodged            |    86 |    32 ||   118
